 Dungeon Crawl Stone Soup version 0.30-a0-802-gb92711bcdf (webtiles) character file.

Game seed: 15082984422300757816

22934 Pimp the Cleaver (level 12, -4/113 HPs)
             Began as a Minotaur Fighter on Feb 24, 2023.
             Was a High Priest of the Shining One.
             Slain by a freezing wraith (17 damage)
             ... in an ice cave.
             The game lasted 00:32:23 (9993 turns).

Pimp the Cleaver (Minotaur Fighter)                 Turns: 9993, Time: 00:32:23

Health: -4/113     AC: 26    Str: 27    XL:     12   Next: 67%
Magic:  8/11       EV:  8    Int: 11    God:    the Shining One [*****.]
Gold:   1068       SH: 14    Dex: 18    Spells: 11/11 levels left

rFire   . . .      SeeInvis .    A - +3 war axe (heavy)
rCold   . . .      Faith    .    c - +0 buckler
rNeg    + + .      Spirit   .    f - +5 plate armour
rPois   +          Reflect  .    v - +2 hat
rElec   .          Harm     .    L - +1 cloak {rCorr}
rCorr   +          Rampage  .    P - +0 pair of gloves
Will    .....                    (no boots) Stlth
                                 n - amulet of regeneration
HPRegen 1.18/turn                F - ring of Qutupul {Str+3 Int+6 Dex+4}
MPRegen 0.12/turn                d - ring of poison resistance

@: divinely shielded, glowing
A: horns 2, retaliatory headbutt, thin skeletal structure 1, sturdy frame 1
a: Renounce Religion, Divine Shield, Cleansing Flame, Summon Divine Warrior


You were in an ice cave.
You worshipped the Shining One.
The Shining One was extremely pleased with you.
You visited 2 branches of the dungeon, and saw 16 of its levels.
You also visited: Ice Cave.

You collected 1068 gold pieces.

Inventory:

Hand Weapons
 b - the +4 hand axe of the Gnashing Puffin {freeze, *Noise rN+ Will+}
   (You found it on level 7 of the Dungeon)

   rN:        It protects you from negative energy.
   *Noise:    It may make noises in combat.
   Will:      It increases your willpower.
 z - a +1 broad axe of flaming
 A - a +3 heavy war axe (weapon)
 I - the +7 trident "Peeman" {venom, rF+ Int+3 Dex-3}
   (You found it on level 6 of the Dungeon)

   Int:       It affects your intelligence (+3).
   Dex:       It affects your dexterity (-3).
   rF:        It protects you from fire.
Missiles
 e - a throwing net (quivered)
 m - 13 poisoned darts
 O - 5 silver boomerangs
 R - 5 javelins
 U - 2 curare-tipped darts
 V - 6 boomerangs
Armour
 c - a +0 buckler (worn)
 f - a +5 plate armour (worn)
 v - a +2 hat (worn)
 L - a +1 cloak of preservation (worn)
 P - a +0 pair of gloves (worn)
Jewellery
 d - a ring of poison resistance (right hand)
 h - a +6 ring of dexterity
 n - an amulet of regeneration (around neck)
 F - the ring of Qutupul (left hand) {Str+3 Int+6 Dex+4}
   (You found it on level 13 of the Dungeon)

   [ring of intelligence]

   Str:       It affects your strength (+3).
   Int:       It affects your intelligence (+6).
   Dex:       It affects your dexterity (+4).
 K - a ring of protection from fire
 W - a ring of protection from fire
Wands
 j - a wand of polymorph (6)
 q - a wand of roots (16)
 x - a wand of mindburst (24)
 y - a wand of paralysis (9)
 C - a wand of acid (5)
 D - a wand of flame (24)
Scrolls
 a - 2 scrolls of fear
 i - 10 scrolls of identify
 r - 5 scrolls of teleportation
 t - 4 scrolls of magic mapping
 M - 2 scrolls of immolation
 N - a scroll of poison
 Q - a scroll of enchant weapon
 X - a scroll of brand weapon
 Y - a scroll of vulnerability
Potions
 g - 2 potions of berserk rage
 k - 5 potions of curing
 l - 2 potions of lignification
 o - 3 potions of mutation
 p - 3 potions of flight
 s - 4 potions of degeneration
 u - a potion of brilliance
 w - 4 potions of heal wounds
 B - 2 potions of haste
 E - a potion of cancellation
 H - 3 potions of attraction


   Skills:
 + Level 12.3 Fighting
 * Level 14.4(14.9) Axes
 - Level 6.1(11.2) Polearms
 + Level 12.3 Armour
 + Level 12.3 Shields


You had 11 spell levels left.
You didn't know any spells.
Your spell library contained the following spells:

 Spells                   Type           Power      Damage    Failure   Level
 Sandblast                Erth           0%         2d4       91%         1
 Shock                    Conj/Air       0%         1d3       91%         1
 Sting                    Tmut/Pois      0%         1d3       91%         1
 Blink                    Tloc           0%         N/A       97%         2
 Ensorcelled Hibernation  Hex/Ice        0%         N/A       97%         2
 Lesser Beckoning         Tloc           0%         N/A       97%         2
 Momentum Strike          Conj/Tloc      0%         3d8       97%         2
 Passwall                 Tmut/Erth      0%         N/A       97%         2
 Poisonous Vapours        Pois/Air       0%         N/A       97%         2
 Stone Arrow              Conj/Erth      0%         3d7       99%         3
 Swiftness                Air            0%         N/A       99%         3
 Airstrike                Air            0%         2d(0-16)  100%        4
 Anguish                  Hex/Necr       0%         N/A       100%        4
 Olgreb's Toxic Radiance  Pois           0%         N/A       100%        4
 Enfeeble                 Hex            0%         N/A       100%        7


Dungeon Overview and Level Annotations

Branches:
Dungeon (14/15)            Temple (0/1) D:7            Lair (0/5) D:10
    Orc (2/2) D:12          IceCv (1/1)
    Elf: Orc:2       Vaults: D:13-14

Altars:
Ashenzari
Dithmenos
Qazlal
Xom
Yredelemnul
The Shining One

Shops:
D:4 :   D:12 *


Innate Abilities, Weirdness & Mutations

You have a pair of horns on your head.
You reflexively headbutt those who attack you in melee.
You have a somewhat thin skeletal structure. (Dex +2, Stealth+)
Your movements are slightly less encumbered by armour. (ER -2)


Message History

You kill the white ugly thing!
You see here an ugly thing corpse.
The freezing wraith completely misses you.
The freezing wraith hits you but does no damage.
You slice the freezing wraith!!
The freezing wraith is heavily damaged.
The freezing wraith hits you. The freezing wraith freezes you!
The freezing wraith completely misses you.
You hit the freezing wraith but do no damage.
You headbutt the freezing wraith, but do no damage.
The freezing wraith is heavily damaged.
The freezing wraith hits you but does no damage.
The freezing wraith barely misses you.
You slash the freezing wraith!
You headbutt the freezing wraith, but do no damage.
The freezing wraith is severely damaged.
You slice the freezing wraith!! The freezing wraith hits you!
The freezing wraith freezes you!
The freezing wraith hits you but does no damage.
You block the freezing wraith's attack. The freezing wraith closely misses you.
The freezing wraith hits you. The freezing wraith freezes you!!
The freezing wraith hits you but does no damage.
The freezing wraith hits you! The freezing wraith freezes you!!
* * * LOW HITPOINT WARNING * * *
The freezing wraith hits you but does no damage.
You can't see any enemies this would affect, really read the scroll of fear?
Okay, then.
Your shield is strengthened by the Shining One's divine power.
The Shining One is no longer ready to bless your weapon.
You block the freezing wraith's attack. x3
The freezing wraith barely misses you.
Okay, then.
The freezing wraith attacks as you move away!
You block the freezing wraith's attack.
The freezing wraith hits you but does no damage.
The freezing wraith attacks as you move away!
The freezing wraith hits you.
* * * LOW HITPOINT WARNING * * *
The freezing wraith freezes you!
You die...

###### ##....###
#.......###
##..###†@.#
##..###WW.#
##..###...#
#...# #...#
##### ##..#
#.... ##...###
###...# #....
.......###....##
##..
.............##
..
..........####


You could see 2 freezing wraiths.

Vanquished Creatures
  Erolcha (D:12)
  A centaur warrior (D:13)
  Erica (D:8)
  2 two-headed ogres
  An orc high priest (Orc:1)
  The ghost of asti the Cleaver, a novice MiBe of Trog (D:7)
  A deep troll (D:12)
  3 ugly things
  3 cyclopes
  A manticore (D:12)
  Maurice (D:8)
  Maggie (D:8)
  Psyche (D:8)
  A spectral unseen horror (D:7)
  2 ice devils (Orc:1)
  2 komodo dragons
  An unseen horror zombie (D:7)
  An anaconda simulacrum (IceCv)
  7 trolls
  A hornet (D:9)
  Sigmund (D:3)
  2 shadows
  5 slime creatures (D:12)
  4 vampires
  6 yaks
  3 wraiths
  3 steam dragons
  7 vampire mosquitoes
  2 death yak simulacra (IceCv)
  An acid dragon (D:10)
  3 water moccasins
  3 black bears
  2 sky beasts (D:7)
  7 orc warriors
  An ice beast (D:7)
  2 ogres
  4 boggarts (D:12)
  7 centaurs
  2 kobold brigands
  Blork the orc (D:4)
  7 bullfrogs
  4 necrophages
  3 cane toad simulacra (IceCv)
  3 scorpions
  A two-headed ogre simulacrum (IceCv)
  12 wights
  An elephant simulacrum (IceCv)
  6 killer bees
  2 howler monkeys
  19 orc priests
  2 jellies
  A gnoll bouda (D:5)
  6 hounds
  Natasha (twice) (D:2)
  3 iguanas
  Terence (D:3)
  10 orc wizards
  A polar bear simulacrum (IceCv)
  A spriggan simulacrum (IceCv)
  2 wolf simulacra (IceCv)
  4 gnolls (D:5)
  9 adders
  A howler monkey skeleton (D:7)
  2 shadow imps
  3 white imps
  2 ufetubi
  2 worms
  6 dart slugs
  50 orcs
  8 bats
  4 endoplasms
  4 giant cockroaches
  9 goblins
  8 hobgoblins
  6 jackals (D:1)
  16 kobolds
  5 quokkas
  7 ball pythons
  A frilled lizard (D:1)
  8 rats
  A spectral hobgoblin (D:2)
342 creatures vanquished.

Vanquished Creatures (others)
  31 plants (D:10)
31 creatures vanquished.

Grand Total: 373 creatures vanquished

Notes
Turn   | Place    | Note
-------+----------+-------------------------------------------
     0 | D:1      | Pimp the Minotaur Fighter began the quest for the Orb.
     0 | D:1      | Reached XP level 1. HP: 19/19 MP: 0/0
    57 | D:1      | Reached XP level 2. HP: 23/27 MP: 1/1
   449 | D:1      | Reached skill level 3 in Axes
   466 | D:1      | Reached XP level 3. HP: 33/33 MP: 2/2
   990 | D:2      | Noticed Natasha
   996 | D:2      | Killed Natasha
   997 | D:2      | Reached XP level 4. HP: 35/41 MP: 3/3
  1124 | D:2      | Found a faded altar of an unknown god.
  1225 | D:2      | Noticed Natasha
  1238 | D:2      | Killed Natasha
  1239 | D:2      | Reached XP level 5. HP: 47/47 MP: 4/4
  1327 | D:2      | Found a glowing golden altar of the Shining One.
  1332 | D:2      | Became a worshipper of the Shining One
  1489 | D:3      | Reached skill level 4 in Axes
  1522 | D:3      | Found a stormy altar of Qazlal.
  1796 | D:3      | Noticed Terence
  1810 | D:3      | Killed Terence
  1811 | D:3      | Reached skill level 5 in Fighting
  1811 | D:3      | Reached skill level 5 in Armour
  1994 | D:3      | Noticed Sigmund
  2004 | D:3      | Killed Sigmund
  2005 | D:3      | Reached skill level 5 in Shields
  2005 | D:3      | Reached XP level 6. HP: 55/56 MP: 5/5
  2125 | D:4      | Found Erphaipeoz's Book Shop.
  2150 | D:4      | Reached skill level 5 in Axes
  2165 | D:4      | Reached XP level 7. HP: 48/62 MP: 6/6
  2315 | D:4      | Noticed Blork the orc
  2326 | D:4      | Killed Blork the orc
  2510 | D:5      | Entered Level 5 of the Dungeon
  2656 | D:5      | Reached * piety under the Shining One
  2832 | D:5      | Reached skill level 6 in Axes
  2832 | D:5      | Reached XP level 8. HP: 50/71 MP: 7/7
  3030 | D:5      | Found a broken altar of Ashenzari.
  3206 | D:5      | Reached skill level 7 in Axes
  3394 | D:6      | Reached ** piety under the Shining One
  3558 | D:6      | Identified the +7 trident "Peeman" {venom, rF+ Int+3 Dex-3}
  3578 | D:6      | Reached XP level 9. HP: 80/81 MP: 8/8
  3709 | D:6      | Reached skill level 1 in Polearms
  4007 | D:7      | Found a staircase to the Ecumenical Temple.
  4095 | D:7      | Found a runed translucent gate.
  4095 | D:7      | Found a runed translucent gate.
  4095 | D:7      | Found a runed translucent gate.
  4098 | D:7      | Noticed a spectral unseen horror
  4098 | D:7      | Noticed asti's ghost (novice MiBe)
  4144 | D:7      | Killed a spectral unseen horror
  4145 | D:7      | Reached skill level 8 in Axes
  4154 | D:7      | Killed asti's ghost
  4155 | D:7      | Reached skill level 5 in Polearms
  4262 | D:7      | Reached XP level 10. HP: 91/91 MP: 9/9
  4305 | D:7      | Identified the +4 hand axe of the Gnashing Puffin {freeze,
                  | *Noise rN+ Will+}
  4330 | D:7      | Reached *** piety under the Shining One
  4959 | D:8      | You fall into a shaft and drop 2 floors!
  4959 | D:10     | Entered Level 10 of the Dungeon
  4990 | D:8      | Noticed Psyche
  5001 | D:8      | Killed Psyche
  5002 | D:8      | Reached skill level 9 in Axes
  5067 | D:8      | Reached **** piety under the Shining One
  5085 | D:8      | Noticed Maggie
  5085 | D:8      | Noticed Maurice
  5086 | D:8      | Noticed Erica
  5096 | D:8      | Killed Erica
  5099 | D:8      | Killed Maggie
  5100 | D:8      | Reached skill level 10 in Axes
  5100 | D:8      | Killed Maurice
  5246 | D:8      | Reached skill level 10 in Fighting
  5254 | D:8      | Reached skill level 10 in Armour
  5612 | D:9      | Reached skill level 10 in Shields
  5645 | D:9      | Noticed a two-headed ogre
  5651 | D:9      | Killed a two-headed ogre
  5652 | D:9      | Reached XP level 11. HP: 69/100 MP: 10/10
  5992 | D:9      | Found a basalt altar of Yredelemnul.
  5992 | D:9      | Found a shimmering altar of Xom.
  6066 | D:9      | Identified the +0 scale mail of Subjectivity {Rampage Will+
                  | Str-3 Dex+3}
  6137 | D:10     | Identified the +6 short sword "Geinaat" {heavy, rN+}
  6195 | D:10     | Reached skill level 11 in Axes
  6409 | D:10     | Found a staircase to the Lair.
  6463 | D:10     | Found a shadowy altar of Dithmenos.
  6868 | D:11     | Gained mutation: You have a somewhat thin skeletal
                  | structure. (Dex +2, Stealth+) [potion of mutation]
  6868 | D:11     | Gained mutation: Your movements are slightly less
                  | encumbered by armour. (ER -2) [potion of mutation]
  7219 | D:11     | Noticed a two-headed ogre
  7223 | D:11     | Killed a two-headed ogre
  7765 | D:11     | Reached skill level 12 in Axes
  8029 | D:12     | Found Notal's General Store.
  8039 | D:12     | Noticed a red ugly thing
  8046 | D:12     | Killed a red ugly thing
  8150 | D:12     | Noticed Erolcha
  8161 | D:12     | Killed Erolcha
  8161 | D:12     | Reached ***** piety under the Shining One
  8307 | D:12     | Reached XP level 12. HP: 89/110 MP: 11/11
  8310 | D:12     | Reached skill level 13 in Axes
  8407 | D:12     | Found a staircase to the Orcish Mines.
  9134 | D:13     | Noticed a centaur warrior
  9142 | D:13     | Killed a centaur warrior
  9199 | D:13     | Identified the ring of Qutupul {Str+3 Int+6 Dex+4}
  9755 | Orc:1    | Entered Level 1 of the Orcish Mines
  9831 | Orc:2    | Entered Level 2 of the Orcish Mines
  9865 | Orc:1    | Noticed an orc high priest
  9872 | Orc:1    | Reached skill level 14 in Axes
  9877 | Orc:1    | Killed an orc high priest
  9913 | Orc:1    | Found a frozen archway.
  9932 | IceCv    | Entered an ice cave
  9983 | IceCv    | Reached ****** piety under the Shining One
  9993 | IceCv    | Slain by a freezing wraith

Illustrated notes

Levels and vault maps discovered:
D:1:      ncdulo_halloftheorcs, layout_basic, minmay_cupped
D:2:      minmay_alternating_diamond, layout_rooms,
          dreamdust_ecumenical_altar_drowned_temple, basic_altar, uniq_natasha
D:3:      layout_basic, lemuel_doored_altar, uniq_terence, uniq_sigmund
D:4:      layout_cave_pools, serial_shops, shop, uniq_blork_the_orc
D:5:      layout_basic, minmay_ruined_shrine
D:6:      layout_basic, chequers_serial_rivers_marsh
D:7:      layout_loops_ring, temple_pool_b, gammafunk_ghost_necromancy,
          abandoned_shop, minmay_fractal_squares_diagonal_5
D:8:      layout_rooms, serial_corexii_hall, corexii_hall_statues_i,
          corexii_hall_statues_t, grunt_decor_cap, uniq_erica, uniq_maggie,
          uniq_psyche, uniq_maurice
D:9:      layout_rooms, gammafunk_temple_overflow_pools
D:10:     layout_long_grid, mainiacjoe_overflow_paths, david_lair_shrubbed,
          dreamdust_princess_corridor
D:11:     layout_basic
D:12:     dreamdust_cave_troll, layout_irregular_city, david_orc_3,
          serial_shops, nicolae_take_the_stairs, uniq_erolcha
D:13:     layout_basic
D:14:     layout_stronghold, david_vaults_4, nemelex_spade_bored_becter,
          nicolae_inconvenience_store
Orc:1:    layout_caves, portal_ice_cave_demonic_guard, mines1_david,
          uniq_jorgrun, uniq_snorg
Orc:2:    st_orc_town, layout_diamond_mine, basic_altar
IceCv:    ice_cave_small_necro

Skill      XL: |  1  2  3  4  5  6  7  8  9 10 11 12 |
---------------+-------------------------------------+-----
Fighting       | 4 5 6 8 9 10 11 12 | 12.3
Armour         | 4 5 6 7 9 10 11 12 | 12.3
Shields        | 4 5 6 7 8 10 11 12 | 12.3
Axes           | 3 4 5 6 7 8 10 12 14 | 14.4
Polearms       | 5 6 |  6.1

Action                     |  1- 3 |  4- 6 |  7- 9 | 10-12 || total
---------------------------+-------+-------+-------+-------++-------
  Melee: War axe           |    75 |   116 |   144 |   261 ||   596
         Headbutt          |     7 |    23 |    58 |    66 ||   154
         Trident           |       |       |    66 |    38 ||   104
 Invoke: Divine Shield     |       |       |       |     1 ||     1
    Use: Scroll            |       |     1 |    12 |    10 ||    23
         Potion            |       |       |     2 |     8 ||    10
 Armour: Scale mail        |     9 |       |       |       ||     9
         Plate armour      |    51 |    99 |   180 |   254 ||   584
  Dodge: Dodged            |    30 |    34 |    58 |   148 ||   270
  Block: Buckler           |    20 |    35 |    80 |   133 ||   268

Table legend: (Time is in decaauts)
 A = Elapsed time spent in this place.
 B = Non-inter-level travel time spent in this place.
 C = Inter-level travel time spent in this place.
 D = Time resting spent in this place.
 E = Time spent auto-exploring this place.
 F = Levels seen in this place.
 G = Mean time per level.
                   A        B        C        D        E       F      G
               +--------+--------+--------+--------+--------+-----+--------+
         Total |  10191 |   9440 |    751 |    884 |   6159 |  17 |  599.5 |
       Dungeon |   9946 |   9209 |    737 |    884 |   6159 |  14 |  710.4 |
  Orcish Mines |    181 |    167 |     14 |      0 |      0 |   2 |   90.5 |
      Ice Cave |     62 |     62 |      0 |      0 |      0 |   1 |   62.0 |
               +--------+--------+--------+--------+--------+-----+--------+

Top non-repeatable levels by time:
    D:11: 1238 daAuts
     D:7: 1009 daAuts
    D:12: 948 daAuts
     D:1: 909 daAuts
     D:5: 867 daAuts
    D:13: 790 daAuts
    D:10: 709 daAuts
     D:3: 693 daAuts
     D:8: 651 daAuts
     D:6: 577 daAuts
     D:2: 574 daAuts
     D:9: 549 daAuts
     D:4: 416 daAuts
   Orc:1: 154 daAuts
   IceCv: 62 daAuts
